 Dungeon Crawl Stone Soup version 0.30.0-16-gbe6223bb7e (webtiles) character file.

Game seed: 16300778999218297170

106 wolfgangpup the Chopper (level 4, -4/41 HPs)
             Began as a Minotaur Chaos Knight on May 20, 2023.
             Was an Initiate of Okawaru.
             Killed by nerve-wracking pain
             ... invoked by an orc priest
              (10 damage)
             ... on level 4 of the Dungeon.
             The game lasted 00:03:09 (2357 turns).

wolfgangpup the Chopper (Minotaur Chaos Knight)     Turns: 2357, Time: 00:03:09

Health: -4/41      AC:  6    Str: 19    XL:     4   Next: 55%
Magic:  0/3        EV: 10    Int:  9    God:    Okawaru [......]
Gold:   190        SH:  0    Dex:  9    Spells: 3/3 levels left

rFire   . . .        a - +1 hand axe (chaos)
rCold   . . .        (no shield)
rNeg    . . .        j - +0 ring mail
rPois   +            (helmet unavailable)
rElec   +            (no cloak)
rCorr   .            q - +0 pair of gloves
SInv    .            (no boots)
Will    .....        u - amulet of guardian spirit Stlth
                     m - ring of poison resistance
HPRegen 0.26/turn    (no ring)
MPRegen 0.08/turn

%: guardian spirit
@: no status effects
A: horns 3, retaliatory headbutt, deterioration 1, sense surroundings 1,
electricity resistance, teleportitis 1, wild magic 1, no potion heal 1
a: Renounce Religion


You were on level 4 of the Dungeon.
You worshipped Okawaru.
Okawaru was noncommittal.
You visited 1 branch of the dungeon, and saw 4 of its levels.

You collected 190 gold pieces.

Inventory:

Hand Weapons
 a - a +1 hand axe of chaos (weapon)
Armour
 b - a +2 leather armour
 j - a +0 ring mail (worn)
 q - a +0 pair of gloves (worn)
Jewellery
 m - a ring of poison resistance (left hand)
 u - an amulet of guardian spirit (around neck)
Scrolls
 e - a scroll of fear {unknown}
 k - 2 scrolls of vulnerability
 l - a scroll of fog
 r - a scroll of magic mapping
 s - a scroll of amnesia {unknown}
 t - a scroll of identify
Potions
 d - a potion of brilliance
 f - a potion of heal wounds {unknown}
 g - a potion of ambrosia {unknown}
 h - a potion of flight {unknown}
 n - a potion of haste {unknown}
 o - a potion of degeneration {unknown}
 p - a potion of mutation {unknown}
Miscellaneous
 c - a piece from Xom's chessboard (15/15) (quivered)


   Skills:
 + Level 4.9 Fighting
 + Level 5.0 Axes
 + Level 3.2 Armour
 + Level 1.2 Dodging


You had 3 spell levels left.
You didn't know any spells.
Your spell library contained the following spells:

 Spells                   Type           Power      Damage    Failure   Level
 Lesser Beckoning         Tloc           0%         N/A       78%         2
 Poisonous Vapours        Pois/Air       0%         N/A       78%         2
 Gell's Gravitas          Tloc           0%         N/A       94%         3
 Mephitic Cloud           Conj/Pois/Air  0%         N/A       94%         3
 Teleport Other           Tloc           0%         N/A       94%         3
 Freezing Cloud           Conj/Ice/Air   0%         6-21      100%        5


Dungeon Overview and Level Annotations

Branches:
Dungeon (4/15)
 Temple: D:4-7

Altars:
Hepliaklqana
Okawaru
Vehumet

Shops:
D:1 !?*[*


Innate Abilities, Weirdness & Mutations

You have a pair of large horns on your head.
You reflexively headbutt those who attack you in melee.
Your body sometimes deteriorates upon taking damage.
You passively map a small area around you.
You are resistant to electric shocks. (rElec)
You are occasionally teleported next to monsters.
Your spells are a little harder to cast, but a little more powerful.
Potions are less effective at restoring your health.


Message History

Your surroundings suddenly seem different.
An orc priest and 2 orcs come into view.
Found an emerald potion.
The orc priest shouts!
The orc shouts! x2; You hear a shout! x2
You hit the orc. You burn the orc.
The orc is heavily wounded.
An orc comes into view. It is wielding a +0 short sword.
The orc priest mumbles some strange prayers to Beogh against you.
Beogh smites you!
Unknown command.
As you read the scroll of fog, it crumbles to dust.
The scroll dissolves into smoke.
The orc closely misses you. You furiously retaliate!
You headbutt the orc.
You kill the orc!
Okawaru accepts your kill.
The orc priest looks encouraged for a moment.
The orc hits you but does no damage. The orc attacks as you move away!
The orc barely misses you. You furiously retaliate!
You headbutt the orc.
You kill the orc!
Okawaru accepts your kill.
The orc priest mumbles some strange prayers to Beogh against you.
Beogh smites you!
* * * LOW HITPOINT WARNING * * *
You completely miss the orc priest. Your headbutt misses the orc priest.
The orc priest hits you with a +0 morningstar.
* * * LOW HITPOINT WARNING * * *
It was a potion of curing.
Your system partially rejects the healing.
You feel better.
The orc priest hits you with a +0 morningstar.
* * * LOW HITPOINT WARNING * * *
You hit the orc priest. You freeze the orc priest.
The orc priest is heavily wounded.
The orc priest barely misses you.
Your system partially rejects the healing.
You feel better.
The orc priest mumbles some strange prayers to Beogh against you.
Pain shoots through your body!
You die...

#.# , , ,
#... *
#.##### , ,
,, ###+# *
#...<.#* *
, , * ,
#.....#* ,
,,, * ~
#.....# ,
,* * * *
#.....# * *
, #.....# ,
,######
#.....#
+....# * ,
#.....# ,
####@# ,
#.....# , *
#o#
#######o# ,
#....§§§# *
#....§§§# *
,
#....§§§§o
#......####
, +
..!...... ,
, ,
##......#


You could see an orc priest and an orc.

Vanquished Creatures
  A gnoll (D:1)
  3 adders (D:2)
  A worm (D:2)
  4 dart slugs (D:1)
  2 orcs (D:4)
  5 bats
  5 endoplasms
  4 giant cockroaches
  3 goblins
  4 hobgoblins
  A quokka (D:1)
  9 ball pythons
  5 frilled lizards
  6 kobolds
  4 rats
57 creatures vanquished.

Notes
Turn   | Place    | Note
-------+----------+-------------------------------------------
     0 | D:1      | wolfgangpup the Minotaur Chaos Knight began the quest for
                  | the Orb.
     0 | D:1      | Reached XP level 1. HP: 19/19 MP: 0/0
     0 | D:1      | Fell from the grace of Xom
    29 | D:1      | Reached skill level 4 in Axes
    29 | D:1      | Reached XP level 2. HP: 10/27 MP: 1/1
   100 | D:1      | Found Dyzant's Armour Shoppe.
   184 | D:1      | Found Ylezymil's Magic Scroll Boutique.
   324 | D:1      | Reached XP level 3. HP: 33/33 MP: 2/2
   365 | D:1      | XOM: give mutations
   365 | D:1      | Gained mutation: You are resistant to electric shocks.
                  | (rElec) [Xom's mischief]
   365 | D:1      | Gained mutation: You are frail. (-10% HP) [Xom's mischief]
   365 | D:1      | Gained mutation: Your mind is acute. (Int +4, Str/Dex -1)
                  | [Xom's mischief]
   384 | D:1      | XOM: give mutations
   384 | D:1      | Gained mutation: Your spells are a little harder to cast,
                  | but a little more powerful. [Xom's mischief]
   384 | D:1      | Gained mutation: You are occasionally teleported next to
                  | monsters. [Xom's mischief]
   384 | D:1      | Gained mutation: Potions are less effective at restoring
                  | your health. [Xom's mischief]
   384 | D:1      | Lost mutation: You are frail. (-10% HP) [Xom's mischief]
   454 | D:1      | Found Rusefecw's Assorted Antiques.
   507 | D:1      | Found Tuodorho's Distillery.
   646 | D:1      | Found Wiwan's Assorted Antiques.
   711 | D:1      | XOM: give mutations
   711 | D:1      | Gained mutation: You have sharp toenails. [Xom's mischief]
   711 | D:1      | Gained mutation: You have hidden genetic defects. [Xom's
                  | mischief]
   739 | D:1      | XOM: give mutations
   739 | D:1      | Gained mutation: You passively map a small area around you.
                  | [Xom's mischief]
   739 | D:1      | Lost mutation: You are occasionally teleported next to
                  | monsters. [Xom's mischief]
   739 | D:1      | Lost mutation: Your mind is acute. (Int +4, Str/Dex -1)
                  | [Xom's mischief]
   838 | D:1      | Found a faded altar of an unknown god.
  1003 | D:2      | Gained mutation: You are frail. (-10% HP) [hidden defects]
  1210 | D:2      | Gained mutation: You are occasionally teleported next to
                  | monsters. [hidden defects]
  1210 | D:2      | Lost mutation: You have hidden genetic defects. [hidden
                  | defects expressed]
  1259 | D:2      | Reached XP level 4. HP: 36/36 MP: 3/3
  1306 | D:2      | Found an iron altar of Okawaru.
  1315 | D:2      | Became a worshipper of Warmaster Okawaru
  1538 | D:3      | Found a radiant altar of Vehumet.
  1620 | D:3      | Reached skill level 5 in Axes
  1902 | D:3      | XOM: give mutations
  1902 | D:3      | Lost mutation: You are frail. (-10% HP) [Xom's mischief]
  1902 | D:3      | Lost mutation: You have sharp toenails. [Xom's mischief]
  1902 | D:3      | Gained mutation: Your body sometimes deteriorates upon
                  | taking damage. [Xom's mischief]
  1902 | D:3      | Gained mutation: You have a pair of large horns on your
                  | head. [Xom's mischief]
  2099 | D:3      | Found a hazy altar of Hepliaklqana.
  2357 | D:4      | Killed from afar by an orc priest

Illustrated notes

Levels and vault maps discovered:
D:1:      amcnicky_arrival_feature_with_door, layout_basic, serial_shops,
          nicolae_shop_hallway_plus, shop, shop, nicolae_shop_rolling_square,
          shop, shapermc_ecumenical_altar_hornbeckon, corner_web_ring,
          feat_on_display
D:2:      cheibrodos_helix_gallery, layout_basic, basic_altar
D:3:      layout_loops_ring, overflow_temple_1_default,
          nzn_hepliaklqana_mist_gate
D:4:      layout_basic, general_overflow_altar, amcnicky_altar_gilded,
          serial_shops, kennysheep_little_box, gammafunk_ghost_mausoleum,
          nicolae_shop_sticking_my_neck_out

Skill      XL: |  1  2  3  4 |
---------------+-------------+-----
Fighting       | 4 |  4.9
Axes           | 4 5 |  5.0
Armour         | 3 |  3.2
Dodging        | |  1.2

Action                     |  1- 3 |  4- 6 || total
---------------------------+-------+-------++-------
  Melee: Hand axe          |    63 |    30 ||    93
         Headbutt          |     6 |     3 ||     9
         Kick              |     7 |     2 ||     9
 Invoke: Renounce Religion |     1 |       ||     1
    Use: Scroll            |     3 |     5 ||     8
         Potion            |       |     2 ||     2
 Armour: Leather armour    |     9 |       ||     9
         Ring mail         |    14 |    10 ||    24
  Dodge: Dodged            |    43 |    16 ||    59
